 Dungeon Crawl Stone Soup version 0.14-a0-1351-g86ce660 (webtiles) character file.

161167 PolkaDot the Grim Reaper (level 16, -7/127 HPs)
             Began as a Vampire Death Knight on Dec 6, 2013.
             Was the Champion of Yredelemnul.
             Mangled by a thrashing horror (17 damage)
             ... on Level 2 of the Abyss on Dec 7, 2013.
             The game lasted 04:36:58 (40912 turns).

PolkaDot the Grim Reaper (Vampire Death Knight)    Turns: 40912, Time: 04:36:58

HP  -7/127       AC  0     Str  7      XL: 16   Next: 57%
MP  32/32        EV 34     Int 14      God: Yredelemnul [******]
Gold 639         SH  0     Dex 25      Spells:  5 memorised,  0 levels left

rFire  + . .     SeeInvis +     b - melded +2,+4 sabre (elec)
rCold  + + +     Clarity  .     u - melded +2 leather armour
rNeg   + + +     Conserve .     n - melded +1 buckler {rF+}
rPois  +         rCorr    .     e - melded +2 wizard hat
rElec  .         rRot     +     r - melded +2 elf cloak {rCorr, Cons}
SustAb . .       Spirit   .     i - melded +2 pair of gloves {Dex+3}
rMut   .         Warding  .     (boots currently unavailable)
Saprov . . .     Stasis   .     w - amulet "Duderche" {+Rage rF+ rC+ Dex+3}
                                Y - melded ring of Miynnala {Wiz Str+3 Int+2}
                                s - melded +6 ring of protection

@: bat-form, overloaded, non-regenerating, flying, quick, quite resistant to
hostile enchantments, very unstealthy
A: bottle blood, (fangs 0), see invisible, (unbreathing)
a: Bottle Blood, End Transformation, Animate Dead, Recall Undead Slaves, Injury
Mirror, Drain Life, Enslave Soul, Renounce Religion, Evoke Berserk Rage
}: 2/15 runes: serpentine, barnacled


You were on level 2 of the Abyss.
You worshipped Yredelemnul.
Yredelemnul was exalted by your worship.
You were overloaded with stuff.
You were bloodless.
You were in vampire bat-form.
You visited 6 branches of the dungeon, and saw 37 of its levels.
You visited the Abyss 1 time.
You visited 1 bazaar.
You also visited: Ossuary and Bailey.

You collected 2911 gold pieces.
You spent 2272 gold pieces at shops.

Inventory:

Hand weapons
 a - a +6,+4 sabre of speed
 b - a +2,+4 sabre of electrocution (melded)
 F - a +1,+2 sabre of protection
Armour
 e - a +2 wizard hat (melded)
 i - a +2 pair of gloves of dexterity (melded)
 n - a +1 buckler of fire resistance (melded)
 r - a +2 elven cloak of preservation (melded)
 u - a +2 leather armour (melded)
Magical devices
 o - a wand of digging (9)
Scrolls
 c - 4 scrolls of fear
 h - 7 scrolls of remove curse
 j - 2 scrolls of silence
 k - 5 scrolls of teleportation
 l - 6 scrolls of recharging
 v - 6 scrolls of blinking
 A - 2 scrolls of amnesia
 B - 4 scrolls of fog
 C - 2 scrolls of enchant armour
 D - 2 scrolls of immolation
 Q - a scroll of magic mapping
 R - 2 scrolls of summoning
 S - 3 scrolls of identify
Jewellery
 f - an uncursed amulet of resist corrosion
 g - an uncursed ring of flight
 m - an uncursed amulet of stasis
 p - an uncursed amulet of clarity
 s - a +6 ring of protection (melded)
 w - the amulet "Duderche" (around neck) {+Rage rF+ rC+ Dex+3}
   (You took it off a merfolk on level 5 of the Shoals)

   [amulet of rage]

   It affects your dexterity (+3).
   It protects you from fire.
   It protects you from cold.
 x - an uncursed ring of invisibility
 E - a +5 ring of dexterity
 O - an uncursed ring of protection from magic
 X - an uncursed ring of protection from fire
 Y - the ring of Miynnala (melded) {Wiz Str+3 Int+2}
   (You found it on level 8 of the Lair of Beasts)

   [ring of wizardry]

   It affects your strength (+3).
   It affects your intelligence (+2).
Potions
 d - 2 potions of flight
 q - a potion of resistance
 t - 19 potions of curing
 z - 9 potions of brilliance
 G - 3 potions of agility
 I - 3 potions of beneficial mutation
 L - a potion of magic
 M - 5 potions of restore abilities
 N - a potion of speed
 T - 3 potions of lignification
 W - 2 potions of invisibility
Books
 J - a book of War Chants

   Spells                             Type                      Level
   Fire Brand                         Charms/Fire                  2
   Freezing Aura                      Charms/Ice                   2
   Shroud of Golubria                 Charms/Translocation         2
   *Repel Missiles                    Charms/Air                   2
   Poison Weapon                      Charms/Poison                3
   *Regeneration                      Charms/Necromancy            3
 P - a book of Wizardry

   Spells                             Type                      Level
   Summon Elemental                   Summoning                    4
   Agony                              Necromancy                   5
   Force Lance                        Conjuration                  5
   Fireball                           Conjuration/Fire             5
   *Haste                             Charms                       6
   Invisibility                       Hexes                        6
Rods
 V - a cursed +0 rod of fiery destruction (9/9)
   (You took it off an orc wizard on level 8 of the Dungeon)


   Skills:
 + Level 11.8 Fighting
 + Level 13.4 Short Blades
 - Level 6.1 Armour
 - Level 11.1 Dodging
 - Level 6.0 Shields
 - Level 10.1 Hexes
 - Level 11.3 Charms
 - Level 2.9 Necromancy
 * Level 14.6 Invocations
 - Level 2.6 Evocations


You couldn't memorise any spells.
You knew the following spells:

 Your Spells              Type           Power        Failure   Level  Hunger
a - Inner Flame           Hex/Fire       ##......     28%         3    ####...
h - Haste                 Chrm           ####....     71%         6    #######
r - Regeneration          Chrm/Necr      ###.......   17%         3    ####...
A - Apportation           Tloc           #.........   52%         1    ##.....
D - Repel Missiles        Chrm/Air       ###.......   14%         2    ###....


Dungeon Overview and Level Annotations

Branches:
Dungeon (13/16)            Temple (0/1) D:7             Orc (4/4) D:11
    Elf (2/3) Orc:4          Lair (8/8) D:10         Shoals (5/5) Lair:5
  Snake (5/5) Lair:5        Slime (0/6) Lair:6

Altars:
Ashenzari
Fedhas
Kikubaaqudgha
Makhleb
Okawaru
Jiyva

Shops:
D:7 +   Orc:3 ??   Orc:4 [?*=   Shoals:2 +*(?   Shoals:3 !   Snake:1 +

Annotations:
D:5 Pikel
Orc:4 missing area?
Lair:3 exclusions: 2 electric eels, plant and 4 more exclusions


Innate Abilities, Weirdness & Mutations

You do not heal naturally.
You can bottle blood from corpses.
((You have razor-sharp teeth.))*
You have supernaturally acute eyesight.
((You can survive without breathing.))*


Message History

A thrashing horror comes into view.
The thrashing horror roars!
The thrashing horror barely misses you. The thrashing horror misses you.
The ynoxinul gestures.
The ufetubus shouts!
The thrashing horror barely misses you.
The thrashing horror closely misses you.
The thrashing horror completely misses you.
The thrashing horror tramples you!
* * * LOW HITPOINT WARNING * * *
You hold your ground!
The ynoxinul gestures.
The thrashing horror roars!
The thrashing horror tramples you!
* * * LOW HITPOINT WARNING * * *
You stumble backwards!
A small abomination comes into view.
The thrashing horror tramples you!
You die...
Yredelemnul claims you as an undead slave.

... ...... #......
##......# .......## .
.......#.. #.
#.#....x..
..##..##..§........
........b...## ...
........X.#..# .#. .#..
.##..###.#..###...##...
#..###.....#....5 ....
............5.553....#.
...........§#(5.......
#..##.................
#. #......#.#..##...#
........###5. ###v##


You could see a thrashing horror and a small abomination.

Vanquished Creatures
  A kraken (Shoals:1)
  2 merfolk javelineers (Shoals:5)
  A merfolk impaler (Shoals:5)
  8 anacondas
  10 naga warriors
  A flayed ghost (D:12)
  5 sea snakes
  4 deep elf knights
  2 lindwurms (Snake:5)
  3 harpies (Shoals:5)
  2 deep elf conjurers (Elf:1)
  5 hill giants
  3 orc knights (Orc:4)
  2 orc sorcerers (Orc:4)
  2 cyclopes
  3 elephants (Lair:7)
  Grum (D:9)
  2 guardian serpents
  23 black mambas
  A spirit wolf (Abyss:2)
  2 deep elf summoners (Elf:1)
  A feature mimic (Bazaar)
  4 spiny frogs
  2 orange demons
  7 naga magi
  2 fire drakes
  A harpy zombie (Shoals:4)
  A komodo dragon (Lair:2)
  A guardian mummy (Ossuary)
  6 mermaids
  A spriggan (D:7)
  2 deep elf priests (Elf:2)
  3 snapping turtles
  A queen bee (shapeshifter) (Elf:2)
  A polar bear (Lair:6)
  11 blink frogs
  A brown ooze (shapeshifter) (Elf:1)
  A grizzly bear (Lair:5)
  2 ugly things (D:13)
  2 griffon skeletons
  A redback (Elf:2)
  A shadow (D:11)
  A basilisk (Lair:7)
  6 deep elf magi
  A water elemental (Shoals:5)
  2 hungry ghosts
  8 hippogriffs
  A tarantella (Elf:2)
  13 merfolk
  12 yaks
  8 deep elf fighters
  6 vampire mosquitoes
  A soldier ant (shapeshifter) (Elf:2)
  4 wolves (D:9)
  A necrophage (D:10)
  6 manticores
  5 porcupines
  3 soldier ants (Lair:2)
  15 orc warriors
  26 nagas
  3 sky beasts
  4 centaurs
  A boring beetle (D:10)
  A giant goldfish (Lair:3)
  A slave (D:5)
  5 ogres
  2 black bears
  3 crocodiles
  A fire bat (Shoals:1)
  2 phantoms (D:11)
  3 giant slugs
  5 big kobolds
  16 water moccasins
  9 giant frogs
  3 agate snails
  A lava fish (Shoals:1)
  8 wights
  6 killer bees
  A crimson imp (D:5)
  A quasit (D:8)
  3 jellyfish (Lair:3)
  3 goliath beetles
  A centaur zombie (D:6)
  6 big fish
  14 orc priests
  8 hounds
  A centaur skeleton (D:4)
  3 iguanas
  An orange rat (D:6)
  A spectral orc (D:13)
  22 orc wizards
  3 scorpions
  23 worker ants
  An ogre zombie (D:5)
  A crocodile zombie (D:8)
  3 mummies
  31 adders
  A gnoll (D:10)
  A giant centipede (Lair:5)
  32 green rats
  An inept item mimic (D:4)
  5 giant mites
  6 worms
  2 adder zombies (Ossuary)
  4 grey rats (D:6)
  A giant eyeball (D:5)
  7 giant geckos
  83 orcs
  A ball python (D:3)
  A bat skeleton (D:4)
  5 giant cockroaches
  18 goblins
  16 hobgoblins
  7 quokkas
  A ball python skeleton (Ossuary)
  22 bats
  A giant gecko skeleton (D:5)
  A giant gecko zombie (D:5)
  4 giant newts
  A goblin skeleton (D:4)
  2 hobgoblin skeletons
  A hobgoblin zombie (Ossuary)
  14 jackals
  A jackal zombie (D:5)
  28 kobolds
  An orc skeleton (Ossuary)
  3 orc zombies
  33 rats
  2 ballistomycetes
  A fungus (Lair:6)
  A tentacle (Shoals:1)
763 creatures vanquished.

Vanquished Creatures (collateral kills)
  Nikola (Shoals:2)
  Polyphemus (Shoals:3)
  2 krakens
  Ilsuiw (Shoals:5)
  Louise (Shoals:3)
  6 greater nagas (Snake:5)
  4 merfolk javelineers
  6 salamanders (Snake:5)
  5 merfolk impalers (Shoals:5)
  A siren (Shoals:5)
  The ghost of Ladykiller69 the Fencer, a powerful HEGl of Ashenzari (Lair:4)
  The ghost of Xpym the Thaumaturge, a powerful DECj of Vehumet (Lair:6)
  A merfolk aquamancer (Shoals:5)
  Erica (D:13)
  8 anacondas
  3 orc high priests (Orc:4)
  17 naga warriors
  2 death yaks (Shoals:3)
  Nergalle (D:13)
  4 deep elf knights
  A fire crab (Shoals:1)
  A catoblepas (Shoals:3)
  7 sea snakes
  An ice devil (Orc:4)
  2 orc knights
  2 deep elf conjurers (Elf:1)
  A hill giant (D:9)
  11 harpies
  3 oklob plants
  4 lindwurms
  An orc sorcerer (Orc:4)
  A cyclops (Shoals:2)
  3 octopodes
  12 elephants
  2 orange demons (Orc:4)
  2 deep elf summoners (Elf:2)
  A sixfirhy (Orc:4)
  A spriggan druid (Lair:5)
  A queen ant (Lair:2)
  16 black mambas
  11 guardian serpents
  11 spiny frogs
  9 mermaids
  2 deep elf priests
  15 naga magi
  A troll (Orc:1)
  A blue devil (Orc:4)
  4 harpy zombies (Shoals:4)
  Sonja (Orc:4)
  A jumping spider (Elf:2)
  10 snapping turtles
  4 giant leeches (Lair:8)
  7 blink frogs
  4 komodo dragons
  2 boulder beetles
  7 ugly things (D:13)
  2 basilisks
  7 water elementals (Shoals:5)
  11 yaks
  A redback (Elf:1)
  A hungry ghost (D:12)
  6 sharks
  39 merfolk
  4 deep elf magi
  5 deep elf fighters
  7 hippogriffs
  9 manticores
  A hill giant skeleton (D:13)
  Edmund (D:5)
  21 nagas
  4 porcupines
  4 vampire mosquitoes (Lair:8)
  3 soldier ants (Lair:2)
  10 orc warriors
  A giant goldfish (Lair:8)
  An ice beast (D:12)
  2 phantoms
  2 fire bats (Shoals:1)
  6 crocodiles
  2 rotting devils (Orc:4)
  A centaur (D:7)
  4 boring beetles
  A big kobold (D:10)
  5 giant slugs
  7 agate snails
  16 giant frogs
  8 water moccasins
  2 cyclops zombies (D:12)
  A hippogriff zombie (Shoals:4)
  A yak zombie (D:13)
  2 elf zombies (Elf:1)
  5 wights
  2 yak skeletons (Orc:4)
  A jellyfish (Lair:3)
  2 killer bees (D:9)
  2 electric eels
  A goliath beetle (D:12)
  5 crimson imps
  A lava fish (Shoals:1)
  9 orc priests
  A hound (D:13)
  A jelly (D:8)
  3 iguanas
  2 big fish
  A two-headed ogre skeleton (D:8)
  5 spectral orcs (D:13)
  13 orc wizards
  2 sheep (Shoals:2)
  23 worker ants
  An orange rat (Elf:2)
  8 orc zombies (Orc:4)
  24 green rats
  3 gnolls (D:2)
  8 adders
  A scorpion zombie (D:11)
  2 worms
  An adder skeleton (D:4)
  An ooze (D:3)
  75 orcs
  6 bats
  4 goblins
  8 hobgoblins
  8 jackals
  3 quokkas
  A ball python (Snake:2)
  5 giant newts
  A giant spore (D:12)
  9 kobolds
  6 rats
  8 rat skeletons (Orc:4)
  A ballistomycete (D:12)
  2 butterflies
  10 fungi
  25 plants
  7 tentacles
735 creatures vanquished.

Vanquished Creatures (others)
  A death cob (Orc:4)
  A naga warrior (Snake:5)
  3 skeletal warriors
  A flayed ghost (Shoals:5)
  A spectral human (Shoals:3)
  2 flaming corpses
  3 phantasmal warriors
  A deep elf summoner (Elf:1)
  A sea snake zombie (Shoals:2)
  2 naga magi (Snake:5)
  2 harpy zombies (Shoals:2)
  A guardian serpent zombie (Snake:5)
  2 flying skulls
  2 black mamba zombies
  A spriggan zombie (D:7)
  A wraith (Lair:8)
  An agate snail zombie (Lair:3)
  A naga (Snake:5)
  3 merfolk zombies
  3 freezing wraiths
  A merfolk skeleton (Shoals:5)
  4 vampire mosquito zombies
  2 manticore zombies (Shoals:1)
  A cyclops zombie (D:12)
  A giant goldfish zombie (Lair:3)
  A shark zombie (Lair:8)
  3 hippogriff zombies
  2 yak zombies
  2 water moccasin zombies
  3 giant frog zombies
  2 soldier ant zombies (Lair:2)
  An orc wizard (D:8)
  2 porcupine zombies
  A killer bee zombie (D:7)
  A big kobold zombie (D:12)
  A necrophage skeleton (D:10)
  8 naga zombies
  A hound skeleton (D:6)
  2 hound zombies
  4 mummies
  3 worker ant zombies
  A big fish zombie (Lair:3)
  A worm zombie (D:8)
  An iguana skeleton (Lair:3)
  A goliath beetle zombie (D:12)
  2 adder skeletons
  7 adder zombies
  A scorpion zombie (D:4)
  2 orc skeletons
  A bat skeleton (D:5)
  5 bat zombies
  A giant gecko skeleton (D:4)
  2 giant newt zombies
  A giant spore (D:7)
  A goblin zombie (D:3)
  6 green rat zombies
  A hobgoblin zombie (D:4)
  4 jackal zombies
  A kobold skeleton (D:10)
  4 kobold zombies
  17 orc zombies
  A quokka zombie (Lair:6)
  4 rat skeletons
  A fungus (Lair:3)
  A plant (Lair:3)
  13 tentacles
  161 tentacle segments
320 creatures vanquished.

Grand Total: 1818 creatures vanquished

Notes
Turn   | Place    | Note
--------------------------------------------------------------
     0 | D:1      | PolkaDot, the Vampire Death Knight, began the quest for the Orb.
     0 | D:1      | Reached XP level 1. HP: 16/16 MP: 1/1
   142 | D:1      | Reached XP level 2. HP: 22/22 MP: 2/2
   582 | D:2      | Reached XP level 3. HP: 28/28 MP: 4/4
   664 | D:2      | Acquired Yredelemnul's second power
   790 | D:2      | Reached skill level 3 in Fighting
  1072 | D:2      | Reached XP level 4. HP: 35/35 MP: 5/5
  2153 | D:3      | Reached XP level 5. HP: 39/41 MP: 3/6
  2976 | D:4      | Reached skill level 4 in Dodging
  3207 | D:4      | Reached XP level 6. HP: 29/47 MP: 6/8
  3612 | D:4      | Noticed an ogre
  3635 | D:4      | Killed an ogre
  3635 | D:4      | Reached skill level 5 in Dodging
  3975 | D:4      | Acquired Yredelemnul's third power
  4359 | D:5      | Entered Level 5 of the Dungeon
  4409 | D:5      | Reached XP level 7. HP: 42/54 MP: 9/9
  4548 | D:5      | Noticed a hippogriff
  4601 | D:5      | Killed a hippogriff
  4601 | D:5      | Reached skill level 5 in Short Blades
  4601 | D:5      | Reached skill level 6 in Dodging
  5065 | D:5      | Noticed Pikel
  5065 | D:5      | Noticed Edmund
  5713 | D:5      | Found a burning altar of Makhleb.
  5713 | D:5      | Noticed a blizzard demon
  5716 | D:5      | Noticed a ynoxinul
  5716 | D:5      | Noticed a hellwing
  5797 | D:5      | Received a gift from Yredelemnul
  5952 | D:5      | Killed Edmund
  5952 | D:5      | Reached XP level 8. HP: 43/57 MP: 10/10
  5984 | D:5      | Paralysed by a giant eyeball for 3 turns
  5992 | D:5      | Paralysed by a giant eyeball for 2 turns
  6001 | D:5      | Learned a level 3 spell: Inner Flame
  6240 | D:6      | Reached skill level 7 in Dodging
  6240 | D:6      | Reached skill level 1 in Hexes
  6257 | D:6      | Found a blossoming altar of Fedhas.
  6442 | D:6      | HP: 1/57 [orc warrior/orcish short sword (18)]
  7886 | D:6      | Received a gift from Yredelemnul
  8029 | D:7      | Found Keunlor's Book Shoppe.
  8145 | D:7      | Reached skill level 8 in Dodging
  8322 | D:7      | Noticed a spriggan baker
  8341 | D:7      | Killed a spriggan baker
  8341 | D:7      | Reached XP level 9. HP: 29/62 MP: 12/12
  8376 | D:7      | HP: 1/62 [orc warrior/orcish battleaxe (17)]
  8380 | D:7      | Found a staircase to the Ecumenical Temple.
  8472 | D:7      | Reached skill level 5 in Hexes
  9009 | D:7      | Somebody: Hi. Good sabre.
  9009 | D:7      | PolkaDot: quite
  9039 | D:7      | Somebody: Planning on being a warrior-mage of Yredelemnul?
  9042 | D:7      | PolkaDot: pretty much
  9042 | D:7      | PolkaDot: already getting hexes underway :)
  9042 | D:7      | PolkaDot: not focused in any way though
  9042 | D:7      | Somebody: Not a bad plan, good sanity with that.
  9042 | D:7      | PolkaDot: letting the +4 apt caryr it up ^^
  9053 | D:7      | Reached skill level 9 in Dodging
  9165 | D:7      | Somebody: I have had my late good character die of a catastrophic failure to think near Vaults:5 entrance.
  9165 | D:7      | PolkaDot: :o
  9165 | D:7      | PolkaDot: what happened?
  9206 | D:7      | Found a shattered altar of Ashenzari.
  9247 | D:7      | Somebody: I have prepared, entered, used a scroll of Immolation, but forgot to cast Death's Door in advance.
  9271 | D:7      | Somebody: I never knew what excatly died, but in one turn, I was swimming in the sea of flames and was reduced from 98 to -12 HP.
  9271 | D:7      | PolkaDot: in advance? I thought death's door could only be cast when really low in health?
  9271 | D:7      | Somebody: No, you can cast it when you are healthy, but it will take your health down itself.
  9271 | D:7      | PolkaDot: ohhhh
  9271 | D:7      | PolkaDot: Not a bad plan, then
  9271 | D:7      | PolkaDot: provided everything gets taken down... which it seems it did ^^;
  9271 | D:7      | Somebody: Catastrophical failure to think, rather.
  9475 | D:7      | Somebody: I was holding a potion of Resistance in my inventory, had a robe of rF+ stashed someplace, etc.
  9476 | D:7      | PolkaDot: xD
  9476 | D:7      | Somebody: I think you might want to read this EW I.
  9476 | D:7      | Somebody: Right...
  9476 | D:7      | PolkaDot: that was rather silly, then
  9497 | D:8      | Found a sand-covered staircase.
  9504 | Ossuary  | Entered an ossuary
  9616 | Ossuary  | Reached skill level 1 in Armour
  9624 | Ossuary  | Somebody: Yes. Extremely embarrassinly so.
  9637 | Ossuary  | PolkaDot: Everyone has their moments
  9637 | Ossuary  | Somebody: I have started a decent DENe character now, but it is not the same.
  9637 | Ossuary  | PolkaDot: And these moments only ever happen on promising characters ;p
  9637 | Ossuary  | Somebody: xD
  9646 | Ossuary  | Somebody: I'll get some fruit to eat, then be back.
  9646 | Ossuary  | PolkaDot: 'kay
  9676 | Ossuary  | Somebody: You have a Guardian mummy ahead of you, you know that?
  9676 | Ossuary  | PolkaDot: I know
  9676 | Ossuary  | PolkaDot: I'm ready to rTele and walk away
  9676 | Ossuary  | PolkaDot: Not sure if I can take it :s
  9787 | Ossuary  | Somebody: Wait.
  9793 | Ossuary  | PolkaDot: ?
  9793 | Ossuary  | PolkaDot: I can't do that twice
  9793 | Ossuary  | Somebody: You haven't opened at least one door.
  9793 | Ossuary  | Somebody: Oh...
  9793 | Ossuary  | PolkaDot: three, I think
  9793 | Ossuary  | PolkaDot: but guardian mummies
  9793 | Ossuary  | PolkaDot: I'll die if I try to fight 'em
  9793 | Ossuary  | Somebody: There is supposed to be only one, but I am not sure about that.
  9793 | Ossuary  | PolkaDot: I'm happy with the xp and loot I got though :)
  9793 | Ossuary  | PolkaDot: ...
  9793 | Ossuary  | PolkaDot: well, I can see :)
  9902 | D:8      | Somebody: Bad advice, sorry.
  9913 | D:8      | Acquired Yredelemnul's fourth power
  9918 | D:8      | PolkaDot: it's fine
  9918 | D:8      | PolkaDot: I was aware ;p
  9991 | D:8      | Received a gift from Yredelemnul
 10954 | D:8      | Received a gift from Yredelemnul
 11011 | D:8      | Reached XP level 10. HP: 37/69 MP: 12/14
 11061 | D:8      | Somebody: Observing you play, I can say that Yredelemnul seems interesting.
 11062 | D:8      | PolkaDot: You like necro?
 11062 | D:8      | PolkaDot: Yred is a necroish game without the necro skill ;p
 11129 | D:8      | Somebody: Yes. I like life.
 11129 | D:8      | PolkaDot: Makes juggling the Vp blood thing.. different to what I'm used to though
 11129 | D:8      | PolkaDot: And I'd suggest not being DE for it, too much melee and no spells besides drops
 11173 | D:8      | Somebody: Why would you juggle, though? It does not seem to affect anything important, besides resistances.
 11189 | D:8      | Somebody: You don't stab, you don't hide.
 11189 | D:8      | PolkaDot: juggling = managing
 11189 | D:8      | PolkaDot: it effects my regen
 11189 | D:8      | PolkaDot: and metabolism
 11189 | D:8      | PolkaDot: and corpses are nice for building an army
 11189 | D:8      | PolkaDot: so, eat and heal?
 11189 | D:8      | PolkaDot: or raise have them fight?
 11392 | D:9      | Somebody: I see. I think you can drink ambient life force frequently enough, though.
 11398 | D:9      | PolkaDot: probably
 11398 | D:9      | PolkaDot: I'd like an enslaved soul before relying on it though
 11398 | D:9      | PolkaDot: it'd be just my luck to run the piety down and then find a good monster for it xD
 11404 | D:9      | Noticed Grum
 11439 | D:9      | Received a gift from Yredelemnul
 11458 | D:9      | Killed Grum
 11640 | D:9      | Found a flagged portal.
 11648 | Bailey   | Entered a bailey
 11648 | Bailey   | Noticed an orc knight
 11648 | Bailey   | Noticed an orc knight
 11649 | Bailey   | PolkaDot: oh bother >.>
 11649 | Bailey   | Somebody: Time for Inner Flame.
 11649 | Bailey   | PolkaDot: Not powerful enough yet
 11650 | Bailey   | Somebody: You could rTele away, it will probably land you closer to the loot than you already are.
 11650 | Bailey   | PolkaDot: No
 11650 | Bailey   | PolkaDot: I know this layout
 11650 | Bailey   | PolkaDot: There's not much loot, I'd like the XP more, really
 11650 | Bailey   | PolkaDot: See if I evocthem to death
 11650 | Bailey   | Somebody: A pity. Loot is good. ;)
 11652 | Bailey   | Somebody: At least one of them?
 11654 | Bailey   | PolkaDot: quite ^^
 11655 | Bailey   | Noticed an orc knight
 11656 | Bailey   | Identified a cursed +0 rod of fiery destruction (9/9) (You took it off an orc wizard on level 8 of the Dungeon)
 11657 | Bailey   | Somebody: Oh, of course you can. You can't starve.
 11661 | Bailey   | PolkaDot: :p
 11661 | Bailey   | Noticed an orc knight
 11661 | Bailey   | Noticed an orc knight
 11663 | Bailey   | PolkaDot: at least they didn't spawn with xbows
 11663 | Bailey   | PolkaDot: that'd be an instant flee moment
 11664 | Bailey   | Somebody: ...but you can '^yes' due to the amount of boredom associated with this tactic.
 11665 | Bailey   | Somebody: Why didn't you IF him?
 11665 | Bailey   | PolkaDot: ?
 11666 | Bailey   | PolkaDot: huh
 11666 | Bailey   | PolkaDot: works better than I thought
 11674 | Bailey   | Somebody: I think it might have even worked on a knigth once out of you MP.
 11675 | Bailey   | Somebody: Welcome the crossbows.
 11675 | Bailey   | PolkaDot: but, on land
 11675 | Bailey   | PolkaDot: hopefully I can get them close enough to melee them
 11704 | D:9      | Somebody: I have expected this draining to work better. Apparently, it's power scales with Invo.
 11704 | D:9      | PolkaDot: quite
 11704 | D:9      | PolkaDot: Best to use whenthere's lots of enemies in sight
 11788 | D:9      | Noticed a hill giant
 11794 | D:9      | Reached skill level 1 in Evocations
 11796 | D:9      | Killed a hill giant
 11796 | D:9      | Reached skill level 5 in Armour
 11808 | D:9      | Somebody: Why would you do that, does Dex give you more melee power, somehow?
 11809 | D:9      | PolkaDot: because 2 points of Dex aren't huge
 11809 | D:9      | PolkaDot: and melee
 11809 | D:9      | PolkaDot: ...
 11809 | D:9      | PolkaDot: two points of EV, rather
 11886 | D:9      | Found an ancient bone altar of Kikubaaqudgha.
 11889 | D:9      | Somebody: I think you might be wearing the +6 Dex one, but talking about EV one.
 11985 | D:9      | PolkaDot: Nooo, I'm wearing the dex, but am pretty sure the EV isn't worth it in comparison
 11985 | D:9      | PolkaDot: sorry, got the words mixed while I was typing ^^;
 11985 | D:9      | Somebody: Okay, I'll drop the issue.
 11986 | D:9      | PolkaDot: it's fine
 11986 | D:9      | PolkaDot: I wasn't very clear
 12611 | D:9      | Somebody: Good game so far, but I think I can use your opinion on my DENe. Want to take a break?
 12614 | D:9      | PolkaDot: Sure, I'll just clear D:9
 12614 | D:9      | Somebody: Of course. I'll be obliged.
 12614 | D:9      | PolkaDot: not leaving, like, 10% undone, it'd drive, me crazy
 12794 | D:10     | Entered Level 10 of the Dungeon
 12801 | D:10     | Noticed a hill giant
 12818 | D:10     | Killed a hill giant
 12946 | D:10     | Reached skill level 5 in Invocations
 13193 | D:10     | Found a staircase to the Lair.
 13198 | D:10     | Acquired Yredelemnul's fifth power
 13862 | D:11     | Noticed a cyclops
 13902 | Lair:1   | Entered Level 1 of the Lair of Beasts
 14015 | Lair:1   | Reached XP level 11. HP: 42/74 MP: 20/20
 14401 | Lair:1   | Reached skill level 5 in Fighting
 14416 | Lair:1   | Received a gift from Yredelemnul
 14843 | Lair:1   | Received a gift from Yredelemnul
 15982 | Lair:2   | Somebody: Hey. You've got the boook of War Chants.
 15982 | Lair:2   | PolkaDot: some nifty things
 15982 | Lair:2   | PolkaDot: and all like charms
 15982 | Lair:2   | PolkaDot: \o/
 15982 | Lair:2   | Somebody: Congradulations. :)
 15986 | Lair:2   | Learned a level 3 spell: Regeneration
 15986 | Lair:2   | PolkaDot: :)
 16033 | Lair:2   | Received a gift from Yredelemnul
 16108 | Lair:2   | Reached skill level 10 in Hexes
 16162 | Lair:2   | Somebody: Hmm. Your minions debuff enemies nicely.
 16165 | Lair:2   | PolkaDot: Yred gifts are pretty awesome
 16291 | Lair:2   | Somebody: Wait, they acn regenerate?
 16291 | Lair:2   | PolkaDot: acn?
 16444 | Lair:2   | Somebody: Oh, sorry, I've meant to say "nca rngater".
 16444 | Lair:2   | PolkaDot: still confusing me xD
 16452 | Lair:2   | Somebody: They regenerate.
 16456 | Lair:3   | Somebody: I did not expect this.
 16456 | Lair:3   | PolkaDot: Yred gifts do
 16456 | Lair:3   | PolkaDot: only the thigns where you can see thehealth bar :)
 16477 | Lair:3   | Somebody: ;)
 16571 | Lair:3   | PolkaDot: I like rat packs
 16571 | Lair:3   | PolkaDot: It's like, "here, have lots of minions!"
 16589 | Lair:3   | Somebody: Disposable meatshieds.
 16612 | Lair:3   | Received a gift from Yredelemnul
 16617 | Lair:3   | Somebody: Profane servitors must be awesome, but I imagine you haven't got that high up in the line yet.
 16624 | Lair:3   | PolkaDot: Not yet
 16624 | Lair:3   | PolkaDot: also, bone dragons
 16643 | Lair:3   | Somebody: Ohh. This guy is good.
 16682 | Lair:3   | Reached skill level 1 in Charms
 16766 | Lair:3   | Received a gift from Yredelemnul
 16810 | Lair:3   | Somebody: ...and he is no more.
 16810 | Lair:3   | PolkaDot: Yeah
 16810 | Lair:3   | PolkaDot: eels :(
 16814 | Lair:3   | Somebody: Must have ben *a lot* of eels.
 16816 | Lair:3   | PolkaDot: It doesn't take many
 16816 | Lair:3   | PolkaDot: elec hurts
 17057 | Lair:3   | Somebody: Make an exception on eels too, to make it readable on '^O'.
 17057 | Lair:3   | PolkaDot: ?
 17085 | Lair:3   | Somebody: It will say "2 elec.eels and four other exceptions" and you will understand later what this all is about.
 17085 | Lair:3   | PolkaDot: :o
 17085 | Lair:3   | Somebody: I have to leave such small things unattended.
 17085 | Lair:3   | PolkaDot: heh
 17135 | Lair:3   | PolkaDot: Fire for the oklob :)
 17235 | Lair:3   | Somebody: :)
 17665 | Lair:4   | Received a gift from Yredelemnul
 17699 | Lair:4   | Noticed Ladykiller69's ghost (powerful HEGl)
 17737 | Lair:4   | Somebody: Now my assortment of minions somehow feels... lacking.
 17739 | Lair:4   | Killed Ladykiller69's ghost
 17745 | Lair:4   | PolkaDot: :P
 17745 | Lair:4   | PolkaDot: but
 17745 | Lair:4   | PolkaDot: you do get more versatility with the necro powers
 17745 | Lair:4   | Reached XP level 12. HP: 29/89 MP: 21/23
 17749 | Lair:4   | Somebody: Yes, for example, I could have easily made myself a temporarily minion here, out of this ghost, when you have almost welcomed oblivion. ;)
 17750 | Lair:4   | PolkaDot: Yeah
 17750 | Lair:4   | PolkaDot: EGl hurrrrts :(
 17839 | Lair:4   | Somebody: What was so special about him, in any case?
 17841 | Lair:4   | PolkaDot: dunno
 17841 | Lair:4   | PolkaDot: maybe it was that he had ayak helping him out?
 17841 | Lair:4   | PolkaDot: I mean, My AC and EV's nothing to shirk at, so he shouldn't have nearly killed me, :s
 17885 | Lair:4   | Received a gift from Yredelemnul
 17963 | Lair:4   | Somebody: 16 AC in itself is not too much, but you also have 21 EV, so yes, I agree.
 18355 | Lair:5   | Received a gift from Yredelemnul
 18434 | Lair:5   | Somebody: Umm. Recall?
 18434 | Lair:5   | PolkaDot: I could have sworn I hit tw then
 18434 | Lair:5   | PolkaDot: I like to go lonesome at the start mostly
 18434 | Lair:5   | PolkaDot: get some unfilter xp
 18434 | Lair:5   | Somebody: Oh, okay.
 18434 | Lair:5   | PolkaDot: then recall for nasty things
 18434 | Lair:5   | PolkaDot: like HYDRA :D
 18594 | Lair:5   | Somebody: You are right.
 18615 | Lair:5   | Somebody: ...but you have two skeletal warriors who wield swords.
 18625 | Lair:5   | Somebody: ...not flaming.
 18625 | Lair:5   | PolkaDot: Yeah...
 18625 | Lair:5   | PolkaDot: Ugh
 18625 | Lair:5   | PolkaDot: spriggan vault
 18625 | Lair:5   | Somebody: Good luck, I am back to my Lair.
 18627 | Lair:5   | Somebody: I'll see you shortly.
 18638 | Lair:5   | PolkaDot: \o
 18638 | Lair:5   | Somebody: P.S. Take that, Fedhas.
 18638 | Lair:5   | PolkaDot: enjoy :)
 18638 | Lair:5   | PolkaDot: :D
 18775 | Lair:5   | Reached skill level 1 in Shields
 19139 | Lair:5   | Found a staircase to the Snake Pit.
 19241 | Lair:5   | Received a gift from Yredelemnul
 19431 | Lair:5   | Found a staircase to the Shoals.
 19886 | Lair:6   | Found a staircase to the Slime Pits.
 19887 | Lair:6   | Found a viscous altar of Jiyva.
 19913 | Lair:6   | Noticed Xpym's ghost (powerful DECj)
 19932 | Lair:6   | Killed Xpym's ghost
 20030 | Lair:6   | Received a gift from Yredelemnul
 20254 | Lair:6   | Learned a level 1 spell: Apportation
 20257 | Lair:6   | Learned a level 2 spell: Repel Missiles
 20811 | Lair:7   | Received a gift from Yredelemnul
 20862 | Lair:7   | Reached skill level 5 in Charms
 21207 | Lair:7   | Reached skill level 5 in Shields
 21464 | Lair:8   | Entered Level 8 of the Lair of Beasts
 21499 | Lair:8   | Received a gift from Yredelemnul
 22137 | Lair:8   | Reached skill level 1 in Necromancy
 22140 | Lair:8   | Received a gift from Yredelemnul
 22146 | Lair:8   | Reached XP level 13. HP: 41/99 MP: 19/25
 22768 | Lair:8   | Got a crude amber ring
 23154 | D:11     | Found a staircase to the Orcish Mines.
 23659 | D:11     | Killed a cyclops
 24089 | D:12     | Received a gift from Yredelemnul
 24796 | D:12     | Reached skill level 10 in Dodging
 25061 | D:13     | Received a gift from Yredelemnul
 25087 | D:13     | Noticed Nergalle
 25146 | D:13     | Identified a scroll of acquirement
 25562 | D:13     | Noticed Erica
 25577 | D:13     | Killed Erica
 25811 | D:13     | Killed Nergalle
 25902 | D:13     | Reached skill level 10 in Charms
 26510 | Orc:1    | Entered Level 1 of the Orcish Mines
 26648 | Orc:1    | Received a gift from Yredelemnul
 26800 | Orc:1    | Somebody: Do they always come with d.whips?
 26803 | Orc:1    | PolkaDot: Yeah, I think so
 26811 | Orc:1    | Somebody: Nice.
 26813 | Orc:1    | Somebody: You are also shrouded in Umbra.
 26813 | Orc:1    | PolkaDot: doesn't affect me
 26813 | Orc:1    | PolkaDot: because ally
 26813 | Orc:1    | PolkaDot: but
 26813 | Orc:1    | PolkaDot: makes enemies easier to hit :D
 26813 | Orc:1    | PolkaDot: or not
 26813 | Orc:1    | PolkaDot: rather
 26813 | Orc:1    | PolkaDot: causes accuracy penalties... so I'm harder to hit :D
 26857 | Orc:1    | PolkaDot: wrong button >.>
 26928 | Orc:1    | Somebody: Injury mirror is not Death's Door, it just hurts your attackers equally, correct?
 26994 | Orc:1    | PolkaDot: yeah
 26994 | Orc:1    | PolkaDot: which is a pretty big bost ;)
 26994 | Orc:1    | PolkaDot: boost*
 27096 | Orc:2    | Received a gift from Yredelemnul
 27268 | Orc:3    | Found Goukig's Magic Scroll Shop.
 27268 | Orc:3    | Found Nakakh's Magic Scroll Boutique.
 27288 | Orc:3    | Found an iron altar of Okawaru.
 27348 | Orc:3    | Identified a +2 elven cloak of preservation (You acquired it on level 13 of the Dungeon)
 27349 | Orc:3    | Bought a scroll of enchant weapon II for 82 gold pieces
 27349 | Orc:3    | Bought a scroll of enchant armour for 82 gold pieces
 27349 | Orc:3    | Bought a scroll of identify for 30 gold pieces
 27353 | Orc:3    | Identified the cursed ring of Miynnala {Wiz Str+3 Int+2} (You found it on level 8 of the Lair of Beasts)
 27386 | Orc:4    | Entered Level 4 of the Orcish Mines
 27395 | Orc:4    | Found a staircase to the Elven Halls.
 27452 | Orc:4    | Found a flickering gateway to a bazaar.
 27495 | Bazaar   | Entered a bazaar
 27512 | Bazaar   | Found Skuemmir's General Store.
 27512 | Bazaar   | Found Keib Blo's Gadget Shoppe.
 27533 | Bazaar   | Found Qypu's Gadget Emporium.
 27582 | Bazaar   | Found Xannopn's Distillery.
 27582 | Bazaar   | Found Zeapeg's Antique Weapon Shoppe.
 27627 | Bazaar   | Bought a potion of beneficial mutation for 420 gold pieces
 27628 | Bazaar   | Somebody: Wait.
 27628 | Bazaar   | PolkaDot: hm
 27628 | Bazaar   | Somebody: What about lignification?
 27628 | Bazaar   | PolkaDot: transformation
 27628 | Bazaar   | PolkaDot: requires me to be full or above
 27628 | Bazaar   | PolkaDot: Ho often am I full or above?
 27628 | Bazaar   | PolkaDot: How*
 27628 | Bazaar   | Somebody: No, not the point. Buying un-id'd bad potions.
 27628 | Bazaar   | Somebody: Usually is a good idead, no?
 27628 | Bazaar   | PolkaDot: "bad"
 27628 | Bazaar   | PolkaDot: Lignification is useful if used right :p
 27628 | Bazaar   | PolkaDot: like, 20+ AC for being unable to move? not a bad trade-off :p
 27628 | Bazaar   | PolkaDot: also, no potions and stasis etc
 27628 | Bazaar   | Somebody: Well, "right" usually does not imply at the unexpected time.
 27628 | Bazaar   | PolkaDot: don't quaff-ID ;p
 27628 | Bazaar   | PolkaDot: but no, chances are I won't be unable to transform so I'm not worried in this case :)
 27674 | Bazaar   | Bought an uncursed amulet of clarity for 260 gold pieces
 27680 | Bazaar   | Somebody: I don't, but still.
 27729 | Bazaar   | Somebody: What have you got in this Baazaar?
 27729 | Bazaar   | Somebody: I mean, from it, aside from two bMut?
 27729 | Bazaar   | PolkaDot: Bought benemut and clarity
 27729 | Bazaar   | Somebody: All good.
 27729 | Bazaar   | PolkaDot: a runed sabre is tempting
 27729 | Bazaar   | PolkaDot: what do you think on that?
 27729 | Bazaar   | PolkaDot: fire is quite common and would give me a hydra-weapon
 27729 | Bazaar   | PolkaDot: but it is one ego out of god-knows-how-many
 27729 | Bazaar   | Somebody: Hmm. If you have a decent amount of gold, I'd say "go for it".
 27729 | Bazaar   | PolkaDot: s/ego.brand/
 27729 | Bazaar   | PolkaDot: Eh, I'll always get more gold :)
 27729 | Bazaar   | PolkaDot: I'm in the mines for crying out loud :D
 27730 | Bazaar   | Somebody: There are a few good brands you can use, including vampiric.
 27735 | Bazaar   | PolkaDot: vamp would be nice
 27735 | Bazaar   | PolkaDot: free heals!
 27745 | Bazaar   | Bought a runed sabre for 84 gold pieces
 27746 | Bazaar   | PolkaDot: only 84 gold xD
 27747 | Bazaar   | PolkaDot: ... lawl
 27747 | Bazaar   | Somebody: Well, it's an upgrade, if you ask me.
 27747 | Bazaar   | PolkaDot: it'll do ^_^
 27817 | Orc:4    | Noticed Sonja
 27823 | Orc:4    | Killed Sonja
 27824 | Orc:4    | Received a gift from Yredelemnul
 27895 | Orc:4    | Somebody: Time to drink life?
 27896 | Orc:4    | PolkaDot: Just did :)
 27906 | Orc:4    | PolkaDot: I'd like los on a sorcerer
 27906 | Orc:4    | PolkaDot: to enslave
 27907 | Orc:4    | Somebody: You mean, LOF?
 27915 | Orc:4    | PolkaDot: You know what I mean
 27915 | Orc:4    | PolkaDot: probably just means getting adjacent
 27915 | Orc:4    | PolkaDot: we'll see what we can do :)
 27915 | Orc:4    | Somebody: I don't know, maybe Enslave Sould is smite-targeted.
 27918 | Orc:4    | PolkaDot: it's not
 27920 | Orc:4    | Somebody: A pity.
 27922 | Orc:4    | Somebody: Well, it's either this, or you can wait for Saint Roka.
 27922 | Orc:4    | PolkaDot: Roka's good :)
 27922 | Orc:4    | PolkaDot: also, Elf
 27922 | Orc:4    | PolkaDot: Demonolgists are fun
 27922 | Orc:4    | PolkaDot: spelling aside
 27922 | Orc:4    | Somebody: My thoughts exactly.
 27924 | Orc:4    | PolkaDot: I've hurt them all too much xD
 27928 | Orc:4    | Received a gift from Yredelemnul
 27931 | Orc:4    | Somebody: Hmm. Silly you? :)
 27931 | Orc:4    | Reached skill level 11 in Dodging
 27933 | Orc:4    | PolkaDot: Eh, so long as it's me living :)
 27933 | Orc:4    | PolkaDot: unliving*
 27933 | Orc:4    | Somebody: Unliving. What do you have that much Chamrs for?
 27933 | Orc:4    | PolkaDot: :D
 27933 | Orc:4    | PolkaDot: Regen
 27933 | Orc:4    | Somebody: Ahh. Okay.
 27933 | Orc:4    | PolkaDot: plus, haste later, I guess
 27933 | Orc:4    | PolkaDot: imagine: hasted servitor
 27942 | Orc:4    | Found Braor's Magic Scroll Shoppe.
 27943 | Orc:4    | Found Kotado Saad's Antique Armour Shop.
 27944 | Orc:4    | Somebody: :)
 27944 | Orc:4    | PolkaDot: Hello mr knight
 27957 | Orc:4    | Found Yqeapeih's Jewellery Shoppe.
 27958 | Orc:4    | Found Cibuqub's General Store.
 28094 | Orc:4    | Bought a scroll of enchant weapon II for 77 gold pieces
 28094 | Orc:4    | Bought a scroll of enchant weapon II for 77 gold pieces
 28095 | Orc:4    | Somebody: Good finds.
 28107 | Orc:4    | Bought a scroll of recharging for 77 gold pieces
 28107 | Orc:4    | Bought a scroll of identify for 28 gold pieces
 28107 | Orc:4    | Bought a scroll of identify for 28 gold pieces
 28108 | Orc:4    | PolkaDot: you know what's been odd?
 28108 | Orc:4    | PolkaDot: the lack of hydra
 28108 | Orc:4    | PolkaDot: :s
 28109 | Orc:4    | Somebody: It cannot be enslaved for the lack of soul, right?
 28110 | Orc:4    | PolkaDot: what, hydra?
 28110 | Orc:4    | PolkaDot: they're enslavable :)
 28110 | Orc:4    | PolkaDot: won't regrow heads though :(
 28138 | Orc:4    | Somebody: A pity. Portable Lernaean hydra would have been very good.
 28140 | Orc:4    | PolkaDot: :o
 28140 | Orc:4    | PolkaDot: oh yes
 28317 | Orc:4    | PolkaDot: hrm
 28317 | Orc:4    | Somebody: Count entrances?
 28317 | Orc:4    | PolkaDot: ?
 28317 | Orc:4    | Somebody: The map looks bitten off.
 28317 | Orc:4    | PolkaDot: good point
 28317 | Orc:4    | PolkaDot: how very odd
 28317 | Orc:4    | Somebody: Not the case, unfortunately.
 28321 | Orc:4    | PolkaDot: and no digging
 28321 | Orc:4    | PolkaDot: or map
 28321 | Orc:4    | Somebody: It can be that way by chance or design.
 28321 | Orc:4    | PolkaDot: yep
 28321 | Orc:4    | PolkaDot: I might come back
 28321 | Orc:4    | PolkaDot: though I'll probably forget
 28321 | Orc:4    | PolkaDot: in the mean time
 28321 | Orc:4    | PolkaDot: Where to next?
 28321 | Orc:4    | Somebody: Still, it was a good idea to check. You can always '!'.
 28321 | Orc:4    | PolkaDot: fair point
 28321 | Orc:4    | PolkaDot: shoals or elf? :)
 28321 | Orc:4    | Somebody: I would say Shoals. Elf has too much smiting and demons for what I would have wanted being in your shoes.
 28321 | Orc:4    | PolkaDot: Yeah
 28321 | Orc:4    | PolkaDot: And I'm not liking Snake as a first branch
 28321 | Orc:4    | PolkaDot: and no readily available flight besides a ring >.>
 28321 | Orc:4    | PolkaDot: it'll do though :)
 28560 | Lair:5   | Somebody: Evocable flight is not really necessary, unless you want to drown suddenly.
 28589 | Lair:5   | PolkaDot: I was thinking to ignore the tides
 28589 | Lair:5   | PolkaDot: not for anything extensive
 28589 | Lair:5   | Somebody: You can do this via the ring all right.
 28589 | Lair:5   | PolkaDot: "tides in? lemme just evoke"
 28590 | Lair:5   | PolkaDot: My last VpEn used flight extensively though
 28590 | Lair:5   | PolkaDot: it was great :D
 28591 | Shoals:1 | Entered Level 1 of the Shoals
 28611 | Shoals:1 | Somebody: Oh. Nice cloak. Where did you get it?
 28626 | Shoals:1 | PolkaDot: acquirment
 28626 | Shoals:1 | PolkaDot: was hoping for some boots ^^;
 28672 | Shoals:1 | Somebody: I'd try to get a source of either RMsl or DMsl, though. Javelins of penetration or silver can hurt.
 28675 | Shoals:1 | PolkaDot: have it
 28699 | Shoals:1 | PolkaDot: o.O
 28699 | Shoals:1 | Somebody: Well...
 28699 | Shoals:1 | PolkaDot: fire?
 28742 | Shoals:1 | Somebody: This is not an intended result of casting RMsl, if I recall correctly.
 28742 | Shoals:1 | PolkaDot: not quite
 28742 | Shoals:1 | Somebody: Fire Storm-capable ghost in range?
 28749 | Shoals:1 | Somebody: Aww, nice.
 28749 | Shoals:1 | PolkaDot: Dunno yet
 28749 | Shoals:1 | PolkaDot: but I can handle it a little better xD
 28754 | Shoals:1 | Received a gift from Yredelemnul
 28755 | Shoals:1 | PolkaDot: !!!
 28755 | Shoals:1 | PolkaDot: :D
 28762 | Shoals:1 | Somebody: Fire bat?
 28762 | Shoals:1 | Somebody: Volcano vault?
 28775 | Shoals:1 | Somebody: Might have been a crab.
 28779 | Shoals:1 | PolkaDot: D;
 28815 | Shoals:1 | PolkaDot: ugh
 28815 | Shoals:1 | PolkaDot: Bad experiences with them
 28824 | Shoals:1 | Somebody: It won't hurt it's allies, hopefully.
 28832 | Shoals:1 | PolkaDot: hrm
 28840 | Shoals:1 | PolkaDot: oh you bone dragon <3
 28899 | Shoals:1 | Somebody: It's good, yes.
 28899 | Shoals:1 | PolkaDot: army of the oceons :D
 28931 | Shoals:1 | PolkaDot: hang on, my rc file suddenly became inconvenient
 28931 | Shoals:1 | PolkaDot: brb
 28931 | Shoals:1 | Upgraded the game from 0.14-a0-1330-g3eed206 to 0.14-a0-1351-g86ce660
 29055 | Shoals:1 | Noticed a kraken
 29072 | Shoals:1 | Killed a kraken
 29072 | Shoals:1 | Reached XP level 14. HP: 13/106 MP: 19/27
 29073 | Shoals:1 | Somebody: I've missed something.
 29073 | Shoals:1 | PolkaDot: I may have greatly underestimated a kraken
 29073 | Shoals:1 | PolkaDot: and nearly paid a price for it
 29123 | Shoals:1 | Somebody: Yes, it can hurt when it bites. Tentacles are not to bad, but there are many of them.
 29123 | Shoals:1 | PolkaDot: ;(
 29126 | Shoals:1 | Somebody: Harpy zombies are *very* good.
 29126 | Shoals:1 | PolkaDot: :)
 29543 | Shoals:1 | Noticed Maud
 29556 | Shoals:1 | Killed Maud
 29556 | Shoals:1 | Enslaved Maud
 29557 | Shoals:1 | PolkaDot: not the best soul to enslave
 29557 | Shoals:1 | PolkaDot: because melee
 29557 | Shoals:1 | PolkaDot: but i'll do :)
 29557 | Shoals:1 | Somebody: Might do for a while.
 29557 | Shoals:1 | PolkaDot: it'll*
 29980 | Shoals:2 | Found Lyhyp's Magic Scroll Shop.
 30010 | Shoals:2 | Somebody: Hmm.
 30010 | Shoals:2 | Bought a scroll of brand weapon for 300 gold pieces
 30010 | Shoals:2 | Bought 3 scrolls of blinking for 247 gold pieces
 30011 | Shoals:2 | PolkaDot: Not gonna use it
 30011 | Shoals:2 | PolkaDot: at least, not yet
 30011 | Shoals:2 | Somebody: No?
 30011 | Shoals:2 | PolkaDot: speed is a good brand
 30011 | Shoals:2 | PolkaDot: might use it on my other sabre...
 30011 | Shoals:2 | Somebody: ...but two of it?
 30011 | Shoals:2 | PolkaDot: ^
 30011 | Shoals:2 | PolkaDot: tok me a moment, ok xP
 30011 | Shoals:2 | Somebody: Right.
 30012 | Shoals:2 | PolkaDot: aaand vorpal
 30012 | Shoals:2 | PolkaDot: nvm :)
 30012 | Shoals:2 | Somebody: Wait.
 30012 | Shoals:2 | Somebody: I am a fool.
 30012 | Shoals:2 | PolkaDot: ...
 30012 | Shoals:2 | PolkaDot: ???
 30019 | Shoals:2 | Somebody: I should have warned you how it funtions now.
 30026 | Shoals:2 | PolkaDot: oh dear
 30026 | Shoals:2 | PolkaDot: to vorpal first then another brand?
 30035 | Shoals:2 | Somebody: It always brands to vorpal, unaless it already has a temporary enchantment.
 30040 | Shoals:2 | PolkaDot: ohhhh
 30040 | Shoals:2 | PolkaDot: well, bugger :)
 30040 | Shoals:2 | Found Urphiusa's Weapon Emporium.
 30046 | Shoals:2 | Somebody: If it is already branded, then it functions randomly.
 30056 | Shoals:2 | Somebody: Oh, wait it *was* branded. Nevermind.
 30056 | Shoals:2 | PolkaDot: XD
 30101 | Shoals:2 | Noticed Nikola
 30102 | Shoals:2 | Somebody: Here you go.
 30102 | Shoals:2 | PolkaDot: Nikola D;
 30102 | Shoals:2 | PolkaDot: ...
 30102 | Shoals:2 | PolkaDot: hmmm
 30102 | Shoals:2 | Somebody: Better than branding a weapon.
 30110 | Shoals:2 | Somebody: Let you harpies off. ;_
 30110 | Shoals:2 | PolkaDot: :D
 30110 | Shoals:2 | Somebody: You'll see. :)
 30115 | Shoals:2 | Somebody: ...or maybe not. They've made a dent, though.
 30117 | Shoals:2 | PolkaDot: mhmm
 30117 | Shoals:2 | PolkaDot: lets see handle the big guys ;)
 30117 | Shoals:2 | PolkaDot: see him*
 30121 | Shoals:2 | Killed Nikola
 30121 | Shoals:2 | Reached skill level 10 in Short Blades
 30228 | Shoals:2 | Somebody: This character seems to be going quite well. Good luck and patience, in equal measure.
 30233 | Shoals:2 | Somebody: I'll be going to sleep.
 30233 | Shoals:2 | PolkaDot: thanks, enjoy o/
 30559 | Shoals:2 | Found Tebaer's General Store.
 30566 | Shoals:2 | Found Wacuru's Book Shoppe.
 30813 | Shoals:3 | Noticed Polyphemus
 30817 | Shoals:3 | Killed Polyphemus
 30876 | Shoals:3 | Got a dazzling cloak
 30880 | Shoals:3 | Identified the +0 cloak of the Bagpipe {rF+ Acc-5 Stlth++} (You found it on level 3 of the Shoals)
 30933 | Shoals:3 | Noticed a kraken
 30949 | Shoals:3 | Killed a kraken
 30949 | Shoals:3 | Reached skill level 10 in Invocations
 31029 | Shoals:3 | Noticed Louise
 31043 | Shoals:3 | Killed Louise
 31094 | Shoals:3 | Noticed Aizul
 31107 | Shoals:3 | Your ally Maud died
 31113 | Shoals:3 | Killed Aizul
 31113 | Shoals:3 | Enslaved Aizul
 31297 | Shoals:3 | Found Pnidgh's Distillery.
 31660 | Shoals:3 | Received a gift from Yredelemnul
 32215 | Shoals:5 | Entered Level 5 of the Shoals
 32372 | Shoals:5 | Got a wavering steel amulet
 32442 | Shoals:5 | Noticed Ilsuiw
 32446 | Shoals:5 | Received a gift from Yredelemnul
 32477 | Shoals:5 | Killed Ilsuiw
 32591 | Shoals:5 | Identified the amulet "Duderche" {+Rage rF+ rC+ Dex+3} (You took it off a merfolk on level 5 of the Shoals)
 32715 | Shoals:5 | Reached skill level 10 in Fighting
 32719 | Shoals:5 | Received a gift from Yredelemnul
 32732 | Shoals:5 | Noticed a kraken
 32740 | Shoals:5 | Reached XP level 15. HP: 38/115 MP: 10/29
 32746 | Shoals:5 | Killed a kraken
 33888 | Shoals:5 | Got a barnacled rune of Zot
 34120 | Snake:1  | Entered Level 1 of the Snake Pit
 34257 | Snake:1  | Received a gift from Yredelemnul
 34492 | Snake:1  | Found Shrius' Book Emporium.
 34496 | Snake:1  | Bought a book of Wizardry for 480 gold pieces
 34823 | Snake:2  | Reached skill level 12 in Invocations
 35797 | Snake:3  | Received a gift from Yredelemnul
 36032 | Snake:3  | Received a gift from Yredelemnul
 36629 | Snake:4  | Received a gift from Yredelemnul
 36959 | Snake:4  | Reached skill level 13 in Invocations
 37414 | Snake:5  | Entered Level 5 of the Snake Pit
 38405 | Snake:5  | Reached XP level 16. HP: 56/125 MP: 15/32
 38670 | Snake:5  | Reached skill level 14 in Invocations
 38698 | Snake:5  | Received a gift from Yredelemnul
 38976 | Snake:5  | Got a serpentine rune of Zot
 39555 | Elf:1    | Entered Level 1 of the Elven Halls
 39563 | Elf:1    | Learned a level 6 spell: Haste
 40704 | Elf:2    | Cast into the Abyss (deep elf sorcerer)
 40912 | Abyss:2  | Mangled by a thrashing horror

Action                   |  1- 3 |  4- 6 |  7- 9 | 10-12 | 13-15 | 16-18 || total
-------------------------+-------+-------+-------+-------+-------+-------++-------
Melee: Short sword       |   144 |   293 |   501 |       |       |       ||   938
       Sabre             |       |       |   489 |  2327 |  2654 |   235 ||  5705
       Rod               |       |       |       |    37 |       |       ||    37
 Cast: Inner Flame       |       |       |     2 |     1 |       |       ||     3
       Regeneration      |       |       |       |    31 |   217 |    17 ||   265
       Repel Missiles    |       |       |       |       |    10 |     5 ||    15
Invok: Animate Remains   |     6 |    27 |       |       |       |       ||    33
       Recall Undead Sla |       |     3 |     3 |     8 |    16 |     2 ||    32
       Animate Dead      |       |       |    33 |    96 |   139 |    26 ||   294
       Injury Mirror     |       |       |     1 |       |     1 |       ||     2
       Drain Life        |       |       |       |     3 |    18 |     1 ||    22
       Enslave Soul      |       |       |       |       |     3 |     2 ||     5
 Abil: Evoke Flight      |       |       |       |       |     2 |       ||     2
       Bat Form          |       |       |       |       |       |     1 ||     1
Evoke: Wand              |       |     1 |     4 |    13 |     6 |       ||    24
       Rod               |       |       |       |     4 |       |       ||     4
  Use: Potion            |     1 |     2 |    10 |     7 |    10 |     7 ||    37
       Scroll            |       |     6 |    16 |    15 |    29 |     6 ||    72
 Stab: Sleeping          |       |     1 |     4 |     9 |    25 |     2 ||    41
       Invisible         |       |       |     1 |       |       |       ||     1
       Distracted        |       |       |     3 |    38 |    30 |     9 ||    80
       Fleeing           |       |       |       |     1 |       |       ||     1
